 Dungeon Crawl Stone Soup version 0.31-a0-188-g5e087ee2ca (webtiles) character file.

Game seed: 4677913201763191770

50 qw the Shooter (level 3, -1/20 HPs)
             Began as a Deep Elf Hunter on June 23, 2023.
             Slain by a gnoll
             ... wielding a +0 halberd
              (6 damage)
             ... on level 2 of the Dungeon.
             The game lasted 00:00:34 (1206 turns).

qw the Shooter (Deep Elf Hunter)                    Turns: 1206, Time: 00:00:35

Health: -1/20      AC:  4    Str: 10    XL:     3   Next: 55%
Magic:  5/5        EV: 12    Int: 13    God:
Gold:   53         SH:  0    Dex: 18    Spells: 2/2 levels left

rFire   + . .        Y - +0 shortbow
rCold   . . .        (shield currently unavailable)
rNeg    . . .        c - +0 leather armour
rPois   .            (no helmet)
rElec   .            g - +0 cloak
rCorr   .            (no gloves)
SInv    .            (no boots)
Will    .....        (no amulet)
Stlth   ++           e - ring of protection from fire
HPRegen 0.23/turn    (no ring)
MPRegen 0.09/turn

%: no passive effects
@: no status effects
A: no striking features
a: no special abilities


You were on level 2 of the Dungeon.
You visited 1 branch of the dungeon, and saw 2 of its levels.

You collected 53 gold pieces.


   Skills:
 - Level 1.5 Fighting
 + Level 7.1 Ranged Weapons
 - Level 2.4 Dodging
 - Level 1.2 Stealth


You had 2 spell levels left.
You didn't know any spells.
Your spell library was empty.

Inventory:

Hand Weapons
 Y - a +0 shortbow (weapon)
Armour
 c - a +0 leather armour (worn)
 d - a +0 pair of gloves
 g - a +0 cloak (worn)
Jewellery
 e - a ring of protection from fire (left hand)
Scrolls
 a - a scroll of identify
 h - a scroll of blinking {unknown}
 i - a scroll of fog {unknown}
 k - a scroll of fear {unknown}
 l - a scroll of noise {unknown}
 n - a scroll of brand weapon {unknown}
Potions
 b - a potion of haste {unknown}
 f - a potion of curing
 j - a potion of lignification {unknown}
 m - a potion of attraction {unknown}

Dungeon Overview and Level Annotations

Branches:
Dungeon (2/15)

Altars:
Nemelex Xobeh

Shops:
D:1 !


Message History

Enter note:
Enter note:
Enter note:
Enter note: You shoot an arrow.
The arrow closely misses the gnoll.
The jackal barks!
You shoot an arrow. The arrow closely misses the jackal.
The arrow hits the jackal.
The jackal is severely wounded.
The jackal barely misses you.
You shoot an arrow. The arrow closely misses the jackal.
The arrow hits the jackal.
You kill the jackal!
The jackal bites you but does no damage.
The gnoll barely misses you. The jackal bites you.
You shoot an arrow.
The arrow hits the jackal but does no damage.
The jackal misses you. The gnoll barely misses you.
The jackal bites you but does no damage.
You shoot an arrow. The arrow barely misses the jackal.
The gnoll misses you. The jackal closely misses you.
You shoot an arrow. The arrow hits the jackal.
The jackal is almost dead.
The gnoll hits you from afar with a +0 halberd.
The jackal barely misses you.
You shoot an arrow. The arrow closely misses the jackal.
The jackal closely misses you.
The gnoll hits you from afar with a +0 halberd.
The jackal bites you but does no damage.
The gnoll misses you.
You shoot an arrow. The arrow hits the jackal.
You kill the jackal!
The gnoll hits you from afar with a +0 halberd.
You shoot an arrow.
The arrow hits the gnoll but does no damage.
The gnoll hits you from afar with a +0 halberd!
Ouch! That really hurt!
You shoot an arrow. The arrow barely misses the gnoll.
The gnoll hits you from afar with a +0 halberd.
You die... .[.............###.# .###.............#.## ......%.####........## .######.# #.#######.# .(## #.# #.# +...#.# ...####.####.# #...#.# ........#....# +%g

#.#####
...######.######'###.....#
..## #.# #..P@P..####.#
.## #.# #.......# #.# .#
#.# ####.#.## #.# .# #.#
#...# #.# .########.####
###.# #.# .............#
#.# #.# ###.#####.##.# #.#
#.# #.# #.##.#####.# #.#
#.# #.##.......# #.#


You could see a gnoll.

Vanquished Creatures
  A worm (D:2)
  2 dart slugs (D:2)
  4 bats
  7 endoplasms
  5 goblins
  2 hobgoblins
  4 jackals
  A quokka (D:1)
  3 ball pythons
  2 frilled lizards
  4 kobolds
  4 rats (D:1)
39 creatures vanquished.

Notes
Turn   | Place    | Note
-------+----------+-------------------------------------------
     0 | D:1      | qw the Deep Elf Hunter began the quest for the Orb.
     0 | D:1      | Reached XP level 1. HP: 12/12 MP: 3/3
     0 | D:1      | 0 ||| qw: Version: 0.3-a-9-g12657ce
     0 | D:1      | 0 ||| qw: Game counter: 3768
     0 | D:1      | 0 ||| qw: Always use a shield: true
     0 | D:1      | 0 ||| qw: God list: Okawaru
     0 | D:1      | 0 ||| qw: Allow faded altars: false
     0 | D:1      | 0 ||| qw: Do Orc after D:15 true
     0 | D:1      | 0 ||| qw: Do second Lair branch before Depths: true
     0 | D:1      | 0 ||| qw: Lair rune preference: random
     0 | D:1      | 0 ||| qw: Plans: Normal
     0 | D:1      | 0 ||| PLANNING D:1-11
    54 | D:1      | Reached XP level 2. HP: 16/16 MP: 4/4
   113 | D:1      | Reached skill level 6 in Ranged Weapons
   293 | D:1      | Found Eschizya's Distillery.
   313 | D:1      | 313 ||| SHOPLISTING 2 potions of heal wounds (100 gold,
                  | have 13).
   313 | D:1      | 313 ||| SHOPLISTING potion of cancellation (80 gold, have
                  | 13).
   313 | D:1      | 313 ||| SHOPLISTING potion of curing (30 gold, have 13).
   313 | D:1      | 313 ||| SHOPLISTING potion of haste (100 gold, have 13).
   313 | D:1      | 313 ||| SHOPLISTING potion of might (40 gold, have 13).
   313 | D:1      | 313 ||| SHOPLISTING potion of mutation (80 gold, have 13).
   453 | D:1      | Reached XP level 3. HP: 20/20 MP: 5/5
   462 | D:1      | 462 ||| UPGRADING to +0 cloak.
   467 | D:1      | 467 ||| UPGRADING to ring of protection from fire.
   468 | D:1      | 468 ||| READING 3 scrolls labelled QOSCHI OTUELU YNNU.
   469 | D:1      | 469 ||| READING scroll labelled LUOSEK NEHOA.
   472 | D:1      | 472 ||| READING scroll labelled PUZANE KONOGE.
   573 | D:1      | 573 ||| READING 2 scrolls of identify.
   573 | D:1      | 573 ||| IDENTIFYING blue potion
   574 | D:1      | 574 ||| DROPPING scroll of butterflies.
   707 | D:2      | Found a sparkling altar of Nemelex Xobeh.
   796 | D:2      | 796 ||| FLEEEEING.
   800 | D:2      | 800 ||| FLEEEEING.
   801 | D:2      | 801 ||| FLEEEEING.
   834 | D:2      | 834 ||| FLEEEEING.
   835 | D:2      | 835 ||| FLEEEEING.
   836 | D:2      | 836 ||| FLEEEEING.
   978 | D:2      | Reached skill level 7 in Ranged Weapons
  1205 | D:2      | HP: 4/20 [gnoll/+0 halberd (10)]
  1206 | D:2      | Slain by a gnoll

Levels and vault maps discovered:
D:1:      roderic_dead_forest, layout_basic, serial_shops, shop
D:2:      layout_loops_ring, basic_altar, hangedman_glass_teeth,
          cheibrodos_gnoll_hut

Skill      XL: |  1  2  3 |
---------------+----------+-----
Ranged Weapons | 6 7 |  7.1
Fighting       | |  1.5
Dodging        | |  2.4
Stealth        | |  1.2

Action                     || total
---------------------------++-------
   Fire: Shortbow          ||   127
    Use: Scroll            ||     4
 Armour: Leather armour    ||    19
  Dodge: Dodged            ||    36

Table legend:
 A = Non-vault XP
 B = Vault XP
 C = Vault XP percentage of total XP
 D = Non-vault monster count
 E = Vault monster count
 F = Vault count percentage of total count
                 A         B        C        D         E       F
            +---------+---------+-------+---------+---------+-------
      Total |      68 |       4 |   5.6 |      37 |       2 |   5.1
            +---------+---------+-------+---------+---------+-------
        D:1 |      41 |       0 |   0.0 |      25 |       0 |   0.0
        D:2 |      27 |       4 |  12.9 |      12 |       2 |  14.3
            +---------+---------+-------+---------+---------+-------
